 Dungeon Crawl Stone Soup version 0.32-a0-19-g28bc0835a1 (webtiles) character file.

Game seed: 5322529149270009182

2478 Essalna the Geomancer (level 9, -1/43 HPs)
             Began as a Gargoyle Earth Elementalist on Jan 17, 2024.
             Was a Believer of Vehumet.
             Slain by a harpy zombie (3 damage)
             ... on level 1 of the Abyss.
             The game lasted 00:13:53 (6553 turns).

Essalna the Geomancer (Gargoyle Earth Elementalist) Turns: 6553, Time: 00:13:54

Health: -1/43      AC: 13    Str: 13    XL:     9   Next: 51%
Magic:  12/12      EV: 11    Int: 19    God:    Vehumet [**....]
Gold:   331        SH:  9    Dex: 16    Spells: 12/16 levels left

rFire   + . .        x - +1 dagger (venom)
rCold   + . .        A - +0 kite shield
rNeg    + . .        B - +0 robe {rC+ rF+}
rPois   ∞            u - +2 helmet
rElec   +            (no cloak)
rCorr   .            (no gloves)
SInv    .            j - +0 pair of boots
Will    .....        (no amulet)
Stlth   ++           c - ring of wizardry
HPRegen 0.27/turn    v - +6 ring of dexterity
MPRegen 0.13/turn

%: wizardry (x1)
@: about to teleport, studying Stealth
A: sickness immunity, AC +6, negative energy resistance 1, electricity
resistance, torment resistance 1, petrification resistance, [frail 2], [low MP
2], [persistent drain]
a: Renounce Religion


You were on level 1 of the Abyss.
You worshipped Vehumet.
Vehumet was pleased with you.
You visited 2 branches of the dungeon, and saw 8 of its levels.
You visited the Abyss 1 time.
You also visited: Sewer.

You collected 331 gold pieces.

Inventory:

Hand Weapons
 f - a +0 dagger
 x - a +1 dagger of venom (weapon)
Armour
 a - a +0 robe
 j - a +0 pair of boots (worn)
 u - a +2 helmet (worn)
 A - a +0 kite shield (worn)
 B - a +0 robe of resistance (worn)
Jewellery
 c - a ring of wizardry (left hand)
 p - a +6 ring of strength
 v - a +6 ring of dexterity (right hand)
Wands
 s - a wand of polymorph (32)
 D - a wand of mindburst (23)
Scrolls
 g - 3 scrolls of teleportation
 m - a scroll of noise {unknown}
 n - a scroll of fog
 q - a scroll of fear {unknown}
 t - a scroll of vulnerability {unknown}
 y - a scroll of amnesia {unknown}
 C - a scroll of immolation {unknown}
Potions
 b - 2 potions of magic
 d - 2 potions of haste
 e - 5 potions of curing
 h - 2 potions of ambrosia
 i - 3 potions of degeneration
 k - 2 potions of heal wounds
 l - a potion of resistance
 o - 3 potions of enlightenment
 r - a potion of mutation {unknown}
 w - 4 potions of brilliance {unknown}
 z - 2 potions of lignification {unknown}


   Skills:
 + Level 5.1 Fighting
 - Level 4.0 Armour
 - Level 3.0 Dodging
 - Level 2.1 Stealth
 + Level 4.0 Shields
 - Level 4.0 Spellcasting
 + Level 6.8 Conjurations
 + Level 8.3 Earth Magic


You had 12 spell levels left.
You knew the following spells:

 Your Spells              Type           Power      Damage    Failure   Level
a - Sandblast             Erth           70%        2d15      1%          1
b - Stone Arrow           Conj/Erth      64%        3d11      2%          3

Your spell library contained the following spells:

 Spells                   Type           Power      Damage    Failure   Level
 Mercury Vapours          Alch/Air       6%         N/A       26%         2
 Magic Dart               Conj           100%       1d8       1%          1
 Searing Ray              Conj           58%        2d6       1%          2
 Passwall                 Erth           35%        N/A       1%          3
 Brom's Barrelling Bould  Conj/Erth      32%        2d5       9%          4
 Dazzling Flash           Conj/Hex       32%        N/A       13%         3
 Hailstorm                Conj/Ice       16%        3d6       13%         3
 Apportation              Tloc           6%         N/A       17%         1
 Freeze                   Ice            12%        1d3       17%         1
 Jinxbite                 Hex            6%         N/A       26%         2
 Petrify                  Alch/Erth      19%        N/A       32%         4
 Fulminant Prism          Conj/Alch      8%         3d7       38%         4
 Frozen Ramparts          Ice            6%         1d1       45%         3
 Volatile Blastmotes      Fire/Tloc      6%         2d10      45%         3
 Alistair's Intoxication  Alch           2%         N/A       99%         5
 Starburst                Conj/Fire      8%         6d4       99%         6
 Maxwell's Capacitive Co  Air            1%         ∞         100%        8


Dungeon Overview and Level Annotations

Branches:
Dungeon (7/15)             Temple (1/1) D:4           Sewer (visited)

Altars:
Ashenzari
Cheibriados
Elyvilon
Fedhas
Hepliaklqana
Kikubaaqudgha
Nemelex Xobeh
Okawaru
Qazlal
Ru
Vehumet
Yredelemnul
The Shining One

Annotations:
D:6 2 transporters


Innate Abilities, Weirdness & Mutations

You are immune to sickness and miasma.
Your stone body is resilient. (AC +6)
You are immune to poison.
You resist negative energy. (rN+)
You are resistant to electric shocks. (rElec)
You are resistant to unholy torment.
You are immune to petrification.
[You are very frail. (-20% HP)]
[Your magical capacity is very low. (-20% MP)]
[Your health recovers twice as slowly from being drained.]


Message History

You block the harpy zombie's attack.
The harpy zombie claws you but does no damage.
The white imp hits you but does no damage.
You block the harpy zombie's attack.
The harpy zombie claws you but does no damage.
The orc sorcerer casts a spell.
The harpy zombie closely misses you.
The harpy zombie claws you but does no damage.
The harpy zombie claws you but does no damage.
The harpy zombie claws you.
Found a gateway leading deeper into the Abyss.
The harpy zombie attacks as it pursues you!
The harpy zombie claws you. You block the harpy zombie's attack. x3
The harpy zombie claws you. You block the harpy zombie's attack.
The harpy zombie claws you! You block the harpy zombie's attack.
The harpy zombie barely misses you. The harpy zombie closely misses you.
The harpy zombie barely misses you. You block the harpy zombie's attack.
The harpy zombie attacks as it pursues you!
The harpy zombie closely misses you. You block the harpy zombie's attack.
The harpy zombie claws you. The harpy zombie claws you!
* * * LOW HITPOINT WARNING * * *
The harpy zombie closely misses you.
The harpy zombie claws you but does no damage.
The harpy zombie claws you.
* * * LOW HITPOINT WARNING * * *
The harpy zombie claws you.
* * * LOW HITPOINT WARNING * * *
The harpy zombie barely misses you. The harpy zombie closely misses you.
As you read the scroll of teleportation, it crumbles to dust.
You feel strangely unstable.
You feel the power of the Abyss delaying your translocation!
The harpy zombie claws you.
* * * LOW HITPOINT WARNING * * *
You block the harpy zombie's attack. The harpy zombie barely misses you.
You block the harpy zombie's attack. The harpy zombie claws you.
* * * LOW HITPOINT WARNING * * *
The harpy zombie claws you but does no damage.
The harpy zombie claws you.
You die...

#.#>#########.....
.#...##....#...... ~
#......#... #○.##. ~~
##.##..#.....#○.##. #.
##...#.#...#.# .....
#..#.....#○○.....
.....
#...###5R.o°..####...#
#....Z##.##...##. ##.
##.#@.#......#.####.#
#.##.#.##.#.# ###
.#.## #.##. .. #.#. #.
##.# .#. .# ## . ...#
. ## . #. .# #.


You could see an efreet, a white imp and a harpy zombie.

Vanquished Creatures
  A troll (D:5)
  A water moccasin (D:5)
  An orc warrior (D:5)
  Duvessa (D:4)
  3 black bears
  2 crocodiles (Sewer)
  2 ogres (D:5)
  2 phantoms
  A scorpion (D:7)
  2 bullfrogs
  3 wights (D:7)
  Dowan (D:4)
  2 howler monkeys (D:6)
  A bombardier beetle (D:5)
  2 hounds
  3 gnoll boudas
  5 sleepcaps
  2 iguanas
  A sickly merfolk siren (Sewer)
  A malarious merfolk avatar (Sewer)
  10 gnolls
  9 adders
  3 river rats
  An ufetubus (Abyss:1)
  3 dart slugs
  6 ribbon worms
  7 orcs
  5 ball pythons
  6 bats
  6 endoplasms
  6 giant cockroaches
  6 goblins
  4 hobgoblins
  2 jackals (D:2)
  8 quokkas
  10 frilled lizards
  6 kobolds
  25 rats
160 creatures vanquished.

Notes
Turn   | Place    | Note
-------+----------+-------------------------------------------
     0 | D:1      | Essalna the Gargoyle Earth Elementalist began the quest for
                  | the Orb.
     0 | D:1      | Reached XP level 1. HP: 10/10 MP: 3/3
   102 | D:1      | Reached XP level 2. HP: 15/15 MP: 1/5
   273 | D:1      | Reached skill level 4 in Earth Magic
   687 | D:1      | Reached XP level 3. HP: 19/19 MP: 4/6
  1313 | D:2      | Reached XP level 4. HP: 21/24 MP: 5/8
  1967 | D:3      | Found a faded altar of an unknown god.
  2015 | D:3      | Found an ancient bone altar of Kikubaaqudgha.
  2735 | D:3      | Found a sacrificial altar of Ru.
  2847 | D:4      | Noticed Duvessa
  2847 | D:4      | Noticed Dowan
  2923 | D:4      | Noticed a phantom
  2936 | D:4      | HP: 1/24 [phantom (1)]
  2937 | D:4      | Killed a phantom
  2938 | D:4      | Reached skill level 5 in Earth Magic
  2938 | D:4      | Reached XP level 5. HP: 2/28 MP: 6/10
  3205 | D:4      | Noticed a black bear
  3210 | D:4      | Killed a black bear
  3211 | D:4      | Reached XP level 6. HP: 11/32 MP: 5/11
  3347 | D:4      | Found a staircase to the Ecumenical Temple.
  3360 | Temple   | Entered the Ecumenical Temple
  3370 | Temple   | Became a worshipper of Vehumet
  3414 | D:4      | Noticed a black bear
  3445 | D:4      | Killed a black bear
  3653 | D:4      | Killed Duvessa
  3654 | D:4      | Reached skill level 6 in Earth Magic
  3654 | D:4      | Reached XP level 7. HP: 30/37 MP: 8/13
  3668 | D:4      | Killed Dowan
  3669 | D:4      | Reached skill level 1 in Fighting
  3669 | D:4      | Reached skill level 1 in Armour
  3739 | D:4      | Found a white marble altar of Elyvilon.
  3864 | D:5      | Entered Level 5 of the Dungeon
  3949 | D:5      | Found a glowing drain.
  3960 | Sewer    | Entered a sewer
  4167 | Sewer    | Learned a level 3 spell: Stone Arrow
  4317 | Sewer    | Reached * piety under Vehumet
  4317 | Sewer    | Offered knowledge of Kiss of Death by Vehumet.
  4440 | Sewer    | Reached skill level 5 in Conjurations
  4442 | Sewer    | Reached XP level 8. HP: 9/45 MP: 1/14
  4743 | D:5      | Found a stormy altar of Qazlal.
  4768 | D:5      | Found an iron altar of Okawaru.
  4869 | D:5      | Reached skill level 7 in Earth Magic
  4939 | D:5      | Reached skill level 1 in Shields
  5008 | D:5      | Noticed a troll
  5013 | D:5      | Killed a troll
  5341 | D:5      | Found a broken altar of Ashenzari.
  5620 | D:6      | Reached ** piety under Vehumet
  5620 | D:6      | Offered knowledge of Shock by Vehumet.
  5621 | D:6      | Reached XP level 9. HP: 52/52 MP: 11/15
  5761 | D:6      | Found a transporter.
  5923 | D:6      | Reached skill level 8 in Earth Magic
  5984 | D:6      | Noticed a kobold demonologist
  6005 | D:6      | Found a transporter.
  6411 | D:7      | Found a snail-covered altar of Cheibriados.
  6416 | D:7      | Reached skill level 5 in Fighting
  6445 | Abyss:1  | Cast into level 1 of the Abyss (wight)
  6481 | Abyss:1  | Noticed a wretched star
  6487 | Abyss:1  | Noticed a large abomination
  6491 | Abyss:1  | Noticed a spatial maelstrom
  6508 | Abyss:1  | Found a corrupted altar of Lugonu.
  6521 | Abyss:1  | Offered knowledge of Mercury Vapours by Vehumet.
  6529 | Abyss:1  | Noticed a tentacled starspawn
  6530 | Abyss:1  | Noticed an orc sorcerer
  6537 | Abyss:1  | Noticed an efreet
  6553 | Abyss:1  | HP: 2/43 [harpy zombie (2)]
  6553 | Abyss:1  | Slain by a harpy zombie

Illustrated notes

Levels and vault maps discovered:
D:1:      heliophobic_arrival_battle_scene, layout_loops_cross
D:2:      layout_basic, chequers_serial_rivers_micro_c
D:3:      layout_loops_ring, nicolae_ru_path_of_blood,
          lemuel_coloured_pillars_altar, serial_forest,
          infiniplex_forest_straight_3, infiniplex_forest_straight_4,
          infiniplex_forest_end_1, infiniplex_forest_lined_room_,
          infiniplex_forest_pool, infiniplex_forest_clump_small,
          dreamdust_ecumenical_altar_statues, minmay_misc_feat_secret_circle,
          hangedman_decor_push, kennysheep_generic_room_3
D:4:      nicolae_cairo_tiling_large, layout_gridville,
          nicolae_elyvilon_temple_path, minmay_temple_entry_wispy, uniq_duvessa
D:5:      wander_river, layout_cave_pools, mainiacjoe_overflow_alcove_2,
          mainiacjoe_overflow_brackets, lemuel_crystal_altar,
          gup_sewer_entry_bubbles, minmay_manual_monstrance
D:6:      gammafunk_wand_slinger, layout_basic
D:7:      layout_basic, mainiacjoe_overflow_tiny_flanked,
          nicolae_concentric_dashed_squares_mild, billiards_dpeg
Temple:   nicolae_temple_two_arcs
Abyss:1:  base:
D:4

Skill      XL: |  1  2  3  4  5  6  7  8  9 |
---------------+----------------------------+-----
Earth Magic    | 4 5 6 7 8 |  8.3
Conjurations   | 2 3 4 5 6 |  6.8
Spellcasting   | 3 4 |  4.0
Fighting       | 2 4 5 |  5.1
Armour         | 2 4 |  4.0
Dodging        | 2 3 |  3.0
Shields        | 2 4 |  4.0
Stealth        | |  2.1

Action                     |  1- 3 |  4- 6 |  7- 9 || total
---------------------------+-------+-------+-------++-------
  Melee: Dagger            |     9 |       |     1 ||    10
   Cast: Sandblast         |    46 |    66 |   188 ||   300
         Stone Arrow       |       |       |     2 ||     2
    Use: Potion            |       |     1 |       ||     1
         Scroll            |       |       |    13 ||    13
 Armour: Robe              |    13 |    35 |    98 ||   146
  Dodge: Dodged            |    12 |    26 |    70 ||   108
  Block: Kite shield       |       |       |    60 ||    60

Table legend: (Time is in decaauts)
 A = Elapsed time spent in this place.
 B = Non-inter-level travel time spent in this place.
 C = Inter-level travel time spent in this place.
 D = Time resting spent in this place.
 E = Time spent auto-exploring this place.
 F = Levels seen in this place.
 G = Mean time per level.
                   A        B        C        D        E       F      G
               +--------+--------+--------+--------+--------+-----+--------+
         Total |   6781 |   6381 |    400 |    260 |   4991 |  10 |  678.1 |
       Dungeon |   5909 |   5527 |    382 |    260 |   4385 |   7 |  844.1 |
        Temple |     20 |      2 |     18 |      0 |      0 |   1 |   20.0 |
         Abyss |    108 |    108 |      0 |      0 |      0 |   1 |  108.0 |
         Sewer |    742 |    742 |      0 |      0 |    606 |   1 |  742.0 |
               +--------+--------+--------+--------+--------+-----+--------+

Top non-repeatable levels by time:
     D:5: 1076 daAuts
     D:3: 1022 daAuts
     D:1: 1012 daAuts
     D:4: 942 daAuts
     D:2: 921 daAuts
   Sewer: 742 daAuts
     D:6: 617 daAuts
     D:7: 317 daAuts
 Abyss:1: 108 daAuts
  Temple: 20 daAuts
